 Dungeon Sprint DCSS version 0.27-a0-1431-gcffa5a9b16 (webtiles) character file.

Game seed: 15040827982776424698

4217 mhtbhm the Eclecticist (level 10, 0/52 HPs)
             Began as a Deep Elf Earth Elementalist on July 2, 2021.
             Was a High Priest of Vehumet.
             Slain by a cane toad (52 damage)
             ... in the Dungeon (Sprint IX: "|||||||||||||||||||||||||||||").
             The game lasted 00:02:32 (1439 turns).

mhtbhm the Eclecticist (DEEE)                       Turns: 1439, Time: 00:02:33

Health: 0/52       AC:  4    Str:  5    XL:     10   Next: 9%
Magic:  30/35      EV: 17    Int: 24    God:    Vehumet [*****.]
Gold:   0          SH:  0    Dex: 18    Spells: 28/47 levels left

rFire    . . .     SeeInvis .   a - +2 dire flail (protect)
rCold    . . .     Faith    .   (shield currently unavailable)
rNeg     . . .     Spirit   .   b - +0 robe
rPois    .         Reflect  .   n - +0 helmet
rElec    .         Harm     .   (no cloak)
rCorr    .         Rampage  .   (no gloves)
Will     +....     NoTele   +   m - +0 pair of boots
Stlth    ++++......             (no amulet)
HPRegen  0.17/turn              o - +3 ring of dexterity
MPRegen  0.24/turn              p - +2 ring of evasion

@: sleeping
A: no striking features
a: Renounce Religion


You were in the Dungeon.
You worshipped Vehumet.
Vehumet was extremely pleased with you.
You visited 1 branch

Inventory:

Hand Weapons
 a - a +2 dire flail of protection (weapon)
Missiles
 i - 15 stones
Armour
 b - a +0 robe (worn)
 m - a +0 pair of boots (worn)
 n - a +0 helmet (worn)
Jewellery
 o - a +3 ring of dexterity (left hand)
 p - a +2 ring of evasion (right hand)
Wands
 k - a wand of acid (10)
Scrolls
 h - 3 scrolls of blinking
 j - 2 scrolls of amnesia
 r - 2 scrolls of fog
 s - 4 scrolls of enchant armour
 t - a scroll of identify
Potions
 c - 6 potions of curing
 d - 5 potions of heal wounds
 e - 2 potions of haste
 f - 3 potions of magic
 g - a potion of berserk rage
 l - a potion of invisibility
 q - 2 potions of might


   Skills:
 + Level 1.0 Fighting
 + Level 6.0 Dodging
 + Level 7.1 Stealth
 + Level 19.0 Spellcasting
 + Level 2.3 Transmutations
 + Level 16.9 Earth Magic


You had 28 spell levels left.
You knew the following spells:

 Your Spells              Type           Power      Damage    Failure   Level
a - Sandblast             Erth           100%       2d20      0%          1
b - Passwall              Tmut/Erth      51%        N/A       1%          2
c - Stone Arrow           Conj/Erth      100%       3d13      1%          3
d - Lee's Rapid Deconstr  Erth           40%        3d21*     1%          5
e - Petrify               Tmut/Erth      62%        N/A       1%          4
f - Sticky Flame          Conj/Fire      22%        2d4       5%          4

Your spell library contained the following spells:

 Spells                   Type           Power      Damage    Failure   Level
 Iskenderun's Mystic Bla  Conj/Tloc      22%        2d6       5%          4


Dungeon Overview and Level Annotations

Branches:
Dungeon (1/1)

Altars:
Cheibriados
Dithmenos
Elyvilon
Fedhas
Gozag
Hepliaklqana
Kikubaaqudgha
Makhleb
Nemelex Xobeh
Okawaru
Qazlal
Ru
Sif Muna
Trog
Uskayaw
Vehumet
Wu Jian
Xom
Yredelemnul
Zin
The Shining One
Beogh
Jiyva
Lugonu


Message History

An open door to the Lair.
The stone door frame shatters!
The blast of rock fragments hits the bullfrog!!
You kill the bullfrog!
Vehumet accepts your kill.
You feel your power returning.
The blast of rock fragments hits the bullfrog!!
You kill the bullfrog!
Vehumet accepts your kill.
You feel your power returning.
Your Spellcasting skill increases to level 19!
Unknown command.
You start resting.
HP restored.
You start resting.
Magic restored.
Things that are here:
a bullfrog corpse; a komodo dragon corpse
There is an open door to the Lair here.
Okay, then.
Things that are here:
a bullfrog corpse; a bullfrog corpse You open the door.
A hell rat, a yak, a cane toad, 2 snakes and a dream sheep come into view.
Unknown command.
The hell rat roars deafeningly!
The black mamba hisses angrily.
Casting: Lee's Rapid Deconstruction (safe; 1% risk of failure)
Confirm with . or Enter, or press ? or * to list all spells.
Aiming: Lee's Rapid Deconstruction (safe; 1% risk of failure)
Press: ? - help, Dir - move target An open door.
The stone door frame shatters!
The blast of rock fragments hits the cane toad!!
The cane toad is severely wounded.
The dream sheep bleats!
You hear an angry hiss.
You hear a croak.
The dream sheep shakes its wool and sparkles.
You feel drowsy...
You fall asleep.
The cane toad stings you!!!
Ouch! That really hurt!
You die...

▓S▓.▓_▓
▓S▓.▓_▓
▓r▓.▓_▓
▓.▓.▓_▓
▓Y▓.▓_▓
▓.▓.▓_▓
▓Y▓.▓_▓
▓F▓.▓_▓
▓@▓.▓_▓
▓.▓.▓_▓
▓.▓.▓_▓
▓.▓.▓_▓
▓.▓.▓_▓
▓.▓.▓_▓
▓.▓.▓_▓
▓†▓.▓_▓
▓'▓.▓_▓


You could see a black mamba, a yak, a cane toad, a dream sheep and a hell rat.

Vanquished Creatures
  A two-headed ogre (D)
  2 cyclopes (D)
  A manticore (D)
  An unseen horror (D)
  2 komodo dragons (D)
  2 trolls (D)
  A slime creature (D)
  A yak (D)
  2 wraiths (D)
  A wolf (D)
  2 ogres (D)
  A phantom (D)
  5 bullfrogs (D)
  A killer bee (D)
  An adder (D)
  An orc (D)
  An endoplasm (D)
  A goblin (D)
  A hobgoblin (D)
  A kobold (D)
  A quokka zombie (D)
  A rat (D)
31 creatures vanquished.

Notes
Turn   | Place    | Note
-------+----------+-------------------------------------------
     0 | D        | mhtbhm the Deep Elf Earth Elementalist began the quest for
                  | the Orb.
     0 | D        | Reached XP level 1. HP: 10/10 MP: 6/6
   138 | D        | Noticed an ogre
   138 | D        | Noticed a phantom
   138 | D        | Noticed an ogre
   140 | D        | Killed an ogre
   141 | D        | Reached skill level 5 in Spellcasting
   141 | D        | Reached XP level 2. HP: 15/15 MP: 4/10
   141 | D        | Reached XP level 3. HP: 19/19 MP: 4/12
   141 | D        | Reached XP level 4. HP: 24/24 MP: 4/13
   144 | D        | Killed a phantom
   145 | D        | Reached skill level 7 in Spellcasting
   145 | D        | Reached XP level 5. HP: 22/28 MP: 0/17
   149 | D        | Reached skill level 5 in Stealth
   149 | D        | Killed an ogre
   150 | D        | Reached skill level 5 in Dodging
   150 | D        | Reached skill level 9 in Spellcasting
   150 | D        | Reached skill level 10 in Earth Magic
   176 | D        | Learned a level 2 spell: Passwall
   180 | D        | Learned a level 3 spell: Stone Arrow
   186 | D        | Learned a level 5 spell: Lee's Rapid Deconstruction
   191 | D        | Learned a level 4 spell: Petrify
   194 | D        | Found a snail-covered altar of Cheibriados.
   194 | D        | Found a shadowy altar of Dithmenos.
   194 | D        | Found a white marble altar of Elyvilon.
   194 | D        | Found a blossoming altar of Fedhas.
   194 | D        | Found an opulent altar of Gozag.
   195 | D        | Found a hazy altar of Hepliaklqana.
   196 | D        | Found a viscous altar of Jiyva.
   197 | D        | Found an ancient bone altar of Kikubaaqudgha.
   198 | D        | Found a corrupted altar of Lugonu.
   199 | D        | Found a burning altar of Makhleb.
   200 | D        | Found a sparkling altar of Nemelex Xobeh.
   201 | D        | Found an iron altar of Okawaru.
   202 | D        | Found a stormy altar of Qazlal.
   203 | D        | Found a sacrificial altar of Ru.
   204 | D        | Found a shimmering blue altar of Sif Muna.
   205 | D        | Found a bloodstained altar of Trog.
   206 | D        | Found a hide-covered altar of Uskayaw.
   207 | D        | Found a radiant altar of Vehumet.
   208 | D        | Found an ornate altar of the Wu Jian Council.
   209 | D        | Found a shimmering altar of Xom.
   210 | D        | Found a basalt altar of Yredelemnul.
   211 | D        | Found a glowing silver altar of Zin.
   212 | D        | Found a glowing golden altar of the Shining One.
   215 | D        | Became a worshipper of Vehumet
   357 | D        | Noticed a troll
   357 | D        | Noticed a wraith
   357 | D        | Noticed a wraith
   363 | D        | Reached XP level 6. HP: 19/32 MP: 7/20
   363 | D        | Killed a wraith
   363 | D        | Reached * piety under Vehumet
   363 | D        | Offered knowledge of Shock by Vehumet.
   363 | D        | Killed a wraith
   364 | D        | Reached skill level 11 in Spellcasting
   364 | D        | Reached XP level 7. HP: 22/36 MP: 2/24
   407 | D        | Killed a troll
   408 | D        | Reached skill level 13 in Spellcasting
   409 | D        | Killed an unseen horror
   409 | D        | Reached ** piety under Vehumet
   410 | D        | Reached XP level 8. HP: 21/41 MP: 3/27
   613 | D        | Noticed a troll
   613 | D        | Noticed a manticore
   613 | D        | Noticed a slime creature
   613 | D        | Noticed a two-headed ogre
   613 | D        | Noticed a cyclops
   613 | D        | Noticed a cyclops
   621 | D        | Killed a cyclops
   621 | D        | Offered knowledge of Static Discharge by Vehumet.
   622 | D        | Reached skill level 15 in Spellcasting
   623 | D        | Killed a cyclops
   623 | D        | Killed a two-headed ogre
   624 | D        | Reached skill level 16 in Spellcasting
   624 | D        | Reached skill level 15 in Earth Magic
   624 | D        | Reached XP level 9. HP: 46/46 MP: 7/31
   838 | D        | Offered knowledge of Inner Flame by Vehumet.
   838 | D        | Reached *** piety under Vehumet
   839 | D        | Reached skill level 17 in Spellcasting
  1039 | D        | Killed a manticore
  1082 | D        | Killed a troll
  1082 | D        | Offered knowledge of Sticky Flame by Vehumet.
  1083 | D        | Reached skill level 18 in Spellcasting
  1184 | D        | Learned a level 4 spell: Sticky Flame
  1344 | D        | Noticed a komodo dragon
  1344 | D        | Noticed a komodo dragon
  1347 | D        | Reached **** piety under Vehumet
  1348 | D        | Offered knowledge of Iskenderun's Mystic Blast by Vehumet.
  1348 | D        | Killed a komodo dragon
  1354 | D        | Killed a komodo dragon
  1354 | D        | Reached ***** piety under Vehumet
  1355 | D        | Reached skill level 1 in Fighting
  1355 | D        | Reached XP level 10. HP: 50/52 MP: 20/34
  1358 | D        | Reached skill level 19 in Spellcasting
  1436 | D        | Noticed a black mamba
  1436 | D        | Noticed a cane toad
  1439 | D        | Slain by a cane toad

Illustrated notes

Levels and vault maps discovered:
D:        linesprint [early_d, line_temple, items_1, d_10, items_2, lair_1,
          lair_end, items_3, orc_1, orc_end, items_4, d_15, swamp_1, shoals_1,
          snake_1, spider_1, d_20, vaults_1, items_5, swamp_end, shoals_end,
          snake_end, spider_end, vaults_end, d_27, items_6, zot_1, zot_end,
          crypt_end, forest_end, elf_end, slime_end, tomb_end, abyss_end,
          pan_hell_end]

Skill      XL: |  1  2  3  4  5  6  7  8  9 10 |
---------------+-------------------------------+-----
Earth Magic    | 7 9 10 12 13 15 16 | 16.9
Dodging        | 4 5 6 |  6.0
Stealth        | 4 5 6 7 |  7.1
Spellcasting   | 5 7 9 11 13 16 18 19 | 19.0
Transmutations | 2 |  2.3
Fighting       | 1 |  1.0

Action                   |  1- 3 |  4- 6 |  7- 9 | 10-12 || total
-------------------------+-------+-------+-------+-------++-------
 Cast: Sandblast         |     8 |     9 |     2 |       ||    19
       Lee's Rapid Decon |       |     3 |    21 |     2 ||    26
       Petrify           |       |       |     3 |       ||     3
  Use: Potion            |       |     1 |       |       ||     1
Armor: Robe              |       |       |     1 |       ||     1
Dodge: Dodged            |       |     4 |     2 |     2 ||     8

Table legend: (Time is in decaauts)
 A = Elapsed time spent in this place.
 B = Non-inter-level travel time spent in this place.
 C = Inter-level travel time spent in this place.
 D = Time resting spent in this place.
 E = Time spent auto-exploring this place.
 F = Levels seen in this place.
 G = Mean time per level.
                   A        B        C        D        E       F      G
               +--------+--------+--------+--------+--------+-----+--------+
         Total |   1437 |   1437 |      0 |    954 |    188 |   1 | 1437.0 |
       Dungeon |   1437 |   1437 |      0 |    954 |    188 |   1 | 1437.0 |
               +--------+--------+--------+--------+--------+-----+--------+

Top non-repeatable levels by time:
       D: 1437 daAuts
